 Dungeon Crawl Stone Soup version 0.31.0-32-g396128a36d (webtiles) character file.

Game seed: 6730777761892372213

5054 bpung the Grappler (level 10, -1/98 HPs)
             Began as a Troll Shapeshifter on Mar 29, 2024.
             Was a Believer of Makhleb.
             Slain by a polar bear (15 damage)
             ... on level 8 of the Dungeon.
             The game lasted 00:17:46 (6844 turns).

bpung the Grappler (Troll Shapeshifter)             Turns: 6844, Time: 00:17:46

Health: -1/98      AC:  4    Str: 34    XL:     10   Next: 31%
Magic:  11/11      EV: 15    Int:  6    God:    Makhleb [**....]
Gold:   245        SH:  0    Dex:  9    Spells: 9/9 levels left

rFire   + .          .
                       - Unarmed
rCold   . . .        (shield currently unavailable)
rNeg    . . .        a - melded +1 animal skin
rPois   +            (helmet restricted)
rElec   .            (no cloak)
rCorr   .            (gloves unavailable)
SInv    .            (boots unavailable)
Will    .....        (no amulet)
Stlth   +            v - ring of poison resistance
HPRegen 1.16/turn    r - +6 ring of strength
MPRegen 0.12/turn

%: no passive effects
@: about to teleport, flux-form, glowing
A: glow, contaminating, large, unfitting armour, claws 3, regeneration 1, shaggy
fur 1, tough skin 1, iridescent scales 1, fire resistance 1, wild magic 1
a: Begin Untransformation, Renounce Religion, Minor Destruction


You were on level 8 of the Dungeon.
You worshipped Makhleb.
Makhleb was pleased with you.
You were something dangerously unstable.
You visited 3 branches of the dungeon, and saw 10 of its levels.
You also visited: Ossuary.

You collected 575 gold pieces.
You spent 330 gold pieces at shops.

Inventory:

Missiles
 j - 17 poisoned darts (quivered)
 m - 2 throwing nets
Armour
 a - a +1 animal skin (melded)
Jewellery
 k - a ring of protection from cold
 q - a ring of protection from cold
 r - a +6 ring of strength (right claw)
 s - a ring of magical power
 v - a ring of poison resistance (left claw)
Talismans
 c - a beast talisman
 d - a flux talisman (active)
 n - a maw talisman
Wands
 l - a wand of paralysis (4)
 o - a wand of quicksilver (15)
 t - a wand of digging (1)
 y - a wand of flame (20)
Scrolls
 e - 4 scrolls of enchant armour
 f - 9 scrolls of identify
 g - 2 scrolls of teleportation
 i - 3 scrolls of butterflies
 p - a scroll of fog
 x - 3 scrolls of enchant weapon
 z - a scroll of revelation
Potions
 b - 5 potions of lignification
 h - 8 potions of curing
 u - 4 potions of might
 w - a potion of mutation
 A - a potion of cancellation


   Skills:
 + Level 6.2 Fighting
 + Level 6.4 Dodging
 + Level 8.1 Unarmed Combat
 + Level 3.1 Invocations
 + Level 7.4 Shapeshifting


You had 9 spell levels left.
You didn't know any spells.
Your spell library contained the following spells:

 Spells                   Type           Power      Damage    Failure   Level
 Magic Dart               Conj           0%         1d3       54%         1
 Summon Small Mammal      Summ           0%         N/A       54%         1
 Blink                    Tloc           0%         N/A       67%         2
 Call Imp                 Summ           0%         N/A       67%         2
 Cigotuvi's Dreadful Rot  Necr/Alch/Air  0%         N/A       67%         2
 Lesser Beckoning         Tloc           0%         N/A       67%         2
 Momentum Strike          Conj/Tloc      0%         3d8       67%         2
 Static Discharge         Conj/Air       0%         3-3/arc   67%         2
 Call Canine Familiar     Summ           0%         N/A       88%         3
 Volatile Blastmotes      Fire/Tloc      0%         2d10      88%         3
 Airstrike                Air            0%         2d(0-16)  99%         4
 Ignite Poison            Fire/Alch      0%         N/A       99%         4
 Summon Blazeheart Golem  Fire/Summ      0%         N/A       99%         4
 Summon Lightning Spire   Summ/Air       0%         N/A       99%         4
 Freezing Cloud           Conj/Ice/Air   0%         6-21      100%        5
 Metabolic Englaciation   Hex/Ice        0%         N/A       100%        5
 Polar Vortex             Ice            0%         N/A       100%        9


Dungeon Overview and Level Annotations

Branches:
Dungeon (8/15)             Temple (1/1) D:5            Lair (1/5) D:8
Ossuary (visited)

Altars:
Ashenzari
Cheibriados
Dithmenos
Elyvilon
Fedhas
Gozag
Kikubaaqudgha
Makhleb
Nemelex Xobeh
Okawaru
Qazlal
Sif Muna
Trog
Uskayaw
Vehumet
Wu Jian
Xom
Yredelemnul
Zin
The Shining One

Shops:
D:3 =   D:6 (

Annotations:
D:6 1 transporter


Innate Abilities, Weirdness & Mutations

You are something dangerously unstable.
You glow with magical radiation, making you easy to see and hit.
Foes you strike become dangerously contaminated with magical radiation.
You are incapable of wielding weapons or throwing items.
You are too large for most types of armour.
You have claws for hands.
Your natural rate of healing is unusually fast.
You are covered in fur. (AC +1)
You have tough skin. (AC +1)
You are partially covered in iridescent scales. (AC +2)
Your flesh is heat resistant. (rF+)
Your spells are a little harder to cast, but a little more powerful.


Message History

The wyvern closely misses you.
You completely miss the wyvern.
You feel sick. The wyvern bites you!
You scratch the wyvern but do no damage.
The wyvern glows dangerously bright.
You feel sick. The wyvern bites you! The wyvern closely misses you.
You claw the wyvern!
The wyvern shudders as magic cascades through it!
You kill the wyvern!
Makhleb accepts your kill.
You feel better.
You feel sick.
You feel sick.
You feel sick.
The polar bear attacks as it pursues you!
The polar bear misses you. The polar bear barely misses you.
The polar bear claws you but does no damage.
You feel sick.
The polar bear attacks as it pursues you!
The polar bear closely misses you. The polar bear claws you.
The polar bear claws you but does no damage.
There is a staircase back to the Dungeon, spattered with blood here.
You feel sick. The polar bear bites you!
* * * LOW HITPOINT WARNING * * *
The polar bear closely misses you.
The polar bear claws you but does no damage.
You climb upwards.
Welcome back to the Dungeon!
You feel sick.
You are no longer poisoned.
There is a staircase to the Lair here.
You barely miss the polar bear. You closely miss the polar bear.
The polar bear bites you!
* * * LOW HITPOINT WARNING * * *
The polar bear claws you.
* * * LOW HITPOINT WARNING * * *
The polar bear closely misses you.
You barely miss the polar bear. The polar bear barely misses you.
The polar bear claws you.
* * * LOW HITPOINT WARNING * * *
The polar bear misses you.
As you read the scroll of teleportation, it crumbles to dust.
You feel strangely unstable. The polar bear bites you!
You die...

.# .# .# ####
.###..# .#.[.##
.#>#.# .....#
..################
>.#.#.......##.hp#
..#.........##.###
.##.<.......##.#
###....#######.#
......###......##
###...##........##
#.....#..........#
..#.#.#..........#
.................#


You could see a polar bear.

Vanquished Creatures
  A troll (D:8)
  2 wyverns
  5 yaks
  A steam dragon (D:7)
  An acid dragon (D:6)
  2 water moccasins
  An ice beast (D:7)
  A sky beast (D:7)
  2 black bears
  2 ogres
  A centaur (D:8)
  2 phantoms
  3 bullfrogs
  A kobold brigand (D:8)
  9 scorpions
  6 killer bees (D:7)
  2 howler monkeys (D:7)
  A centaur zombie (Ossuary)
  3 jellies
  2 bombardier beetles
  6 hounds
  4 human zombies (Ossuary)
  8 orc priests
  A sleepcap (D:5)
  4 scorpion zombies (Ossuary)
  4 iguanas
  7 orc wizards
  4 mummies
  9 gnolls
  6 adders
  2 white imps (D:8)
  An adder zombie (Ossuary)
  4 dart slugs
  3 ribbon worms
  28 orcs
  11 endoplasms
  A giant cockroach (D:2)
  3 gnoll zombies (Ossuary)
  9 goblins
  10 hobgoblins
  13 kobolds
  2 quokkas (D:2)
  13 ball pythons
  A ball python zombie (Ossuary)
  8 bats
  3 jackal zombies (Ossuary)
  2 orc zombies (Ossuary)
  7 rats
222 creatures vanquished.

Notes
Turn   | Place    | Note
-------+----------+-------------------------------------------
     0 | D:1      | bpung the Troll Shapeshifter began the quest for the Orb.
     0 | D:1      | Reached XP level 1. HP: 18/18 MP: 0/0
    37 | D:1      | Reached skill level 1 in Fighting
    90 | D:1      | Reached XP level 2. HP: 22/27 MP: 1/1
   443 | D:2      | Reached XP level 3. HP: 21/33 MP: 2/2
   894 | D:2      | Reached XP level 4. HP: 42/42 MP: 3/3
  1168 | D:3      | Got the Almanac of the Geometric Serac
  1328 | D:3      | Reached XP level 5. HP: 36/49 MP: 4/4
  1642 | D:3      | Found Viupseaph's Jewellery Emporium.
  1774 | D:4      | Reached skill level 4 in Unarmed Combat
  1836 | D:4      | Noticed a black bear
  1976 | D:4      | Killed a black bear
  1977 | D:4      | Reached XP level 6. HP: 48/59 MP: 5/5
  2050 | D:3      | Bought a maw talisman for 330 gold pieces
  2089 | D:4      | You fall into a shaft and drop 2 floors!
  2163 | D:6      | Found an opulent altar of Gozag.
  2253 | D:6      | Identified the staff of Uncertain Death {+Blink rElec Fire
                  | Air}
  2326 | D:6      | Reached XP level 7. HP: 56/67 MP: 6/6
  2371 | D:5      | Entered Level 5 of the Dungeon
  2444 | D:5      | Identified the +2 leather armour of Jyguwaorphe {rC+ MP-9
                  | Str+5}
  2517 | D:4      | Reached skill level 5 in Unarmed Combat
  2740 | D:4      | Found a snail-covered altar of Cheibriados.
  3083 | D:4      | Reached skill level 5 in Shapeshifting
  3290 | D:5      | Reached XP level 8. HP: 78/78 MP: 7/7
  3843 | D:5      | Found a staircase to the Ecumenical Temple.
  3852 | Temple   | Entered the Ecumenical Temple
  3908 | Temple   | Became a worshipper of Makhleb the Destroyer
  4021 | D:6      | Reached skill level 6 in Unarmed Combat
  4237 | D:6      | Found Xytsaov's Weapon Shop.
  4554 | D:6      | Found a sparkling altar of Nemelex Xobeh.
  4554 | D:6      | Found a transporter.
  4663 | D:7      | Reached skill level 5 in Dodging
  4854 | D:7      | Found a sand-covered staircase.
  4863 | Ossuary  | Entered an ossuary
  4897 | Ossuary  | Reached * piety under Makhleb
  4898 | Ossuary  | Reached XP level 9. HP: 69/87 MP: 8/8
  4943 | Ossuary  | Reached skill level 5 in Fighting
  5091 | Ossuary  | Reached skill level 7 in Unarmed Combat
  5340 | D:7      | Reached ** piety under Makhleb
  5359 | D:7      | Found a radiant altar of Vehumet.
  5466 | D:7      | HP: 2/88 [killer bee (4)]
  5470 | D:7      | Reached skill level 1 in Invocations
  5716 | D:7      | Found a glowing golden altar of the Shining One.
  6107 | D:7      | Gained mutation: You are partially covered in iridescent
                  | scales. (AC +2) [potion of mutation]
  6107 | D:7      | Gained mutation: Your spells are a little harder to cast,
                  | but a little more powerful. [potion of mutation]
  6107 | D:7      | Gained mutation: Your flesh is heat resistant. (rF+)
                  | [potion of mutation]
  6529 | D:8      | Noticed a troll
  6623 | D:8      | Killed a troll
  6624 | D:8      | Reached XP level 10. HP: 64/98 MP: 10/10
  6761 | D:8      | Found a staircase to the Lair.
  6766 | Lair:1   | Entered Level 1 of the Lair of Beasts
  6811 | Lair:1   | Reached skill level 8 in Unarmed Combat
  6844 | D:8      | Slain by a polar bear

Illustrated notes

Levels and vault maps discovered:
D:1:      co_arrival_hexagon_in_a_hexagon, layout_rooms
D:2:      cheibrodos_pilgrimage, layout_basic
D:3:      layout_loops_ring, serial_shops, nicolae_shop_real_fake_doors
D:4:      minmay_bubble_buster, layout_basic, mainiacjoe_overflow_alcove_4,
          minmay_gold_behind_fungi
D:5:      layout_loops_ring, temple_hall
D:6:      layout_cave_pods, grunt_nemelex_the_gamble, lemuel_round_altar,
          serial_shops, shop
D:7:      layout_loops_cross, kennysheep_little_box, vehumet_crystals,
          gup_ossuary_entry_pyramid, minmay_misc_feat_cross, grunt_ogre_cave
D:8:      layout_rooms, lair_entry_dummy
Temple:   nicolae_temple_bog_church
Lair:1:   layout_gridlike

Skill      XL: |  1  2  3  4  5  6  7  8  9 10 |
---------------+-------------------------------+-----
Fighting       | 1 2 3 4 5 6 |  6.2
Dodging        | 2 3 4 5 6 |  6.4
Unarmed Combat | 4 5 6 7 8 |  8.1
Shapeshifting  | 4 5 6 7 |  7.4
Invocations    | 2 3 |  3.1

Action                     |  1- 3 |  4- 6 |  7- 9 | 10-12 || total
---------------------------+-------+-------+-------+-------++-------
  Melee: Unarmed           |   107 |    95 |   350 |    46 ||   598
         Punch             |     3 |       |    10 |       ||    13
  Evoke: Wand              |       |       |     1 |       ||     1
    Use: Scroll            |       |     8 |     6 |     1 ||    15
         Potion            |       |     5 |     6 |       ||    11
   Stab: Sleeping          |       |       |     2 |       ||     2
 Armour: Animal skin       |    99 |    59 |   251 |       ||   409
         Skin              |       |       |    56 |    41 ||    97
  Dodge: Dodged            |    53 |    46 |   224 |    30 ||   353
   Form: Flux              |       |       |     1 |       ||     1
